[Event "*** Titled Tuesday Blitz"]
[Site "Chess.com"]
[Date "2019.11.05"]
[Round "1"]
[White "CarrotsandPizza"]
[Black "IMRosen"]
[Result "0-1"]
[WhiteElo "2240"]
[BlackElo "2607"]
[TimeControl "180+2"]
[EndTime "13:08:47 PST"]
[Termination "IMRosen won by checkmate"]

1. e4 c5 2. Nf3 e6 3. d4 cxd4 4.
Nxd4 Nc6 5. Nxc6 bxc6 6. Nd2 d5 7. Bd3 Nf6 8. O-O Be7 9. c4 O-O 10. Qc2 g6 11. b3 c5 12. e5 Nd7 13. Nf3 Bb7 14. Re1 Re8 15. Bh6 Bf8 16. Bxf8 Nxf8 17. Rad1 d4 18. Be4 Rb8 19. Nd2 Qg5 20. Qd3 Nd7 21.
Bxb7 Rxb7 22. Nf3 Qf5 23. Qxf5 gxf5 24. Re2 a5 25. Ne1 a4 26. bxa4 Ra8 27. Rd3 Rxa4 28. Rb3 Rb6 29. Rc2 Rxb3 30. axb3 Ra1 31. Kf1 Nxe5 32.
Ke2 Rb1 33. Ra2 Rxb3 34. Ra8+ Kg7 35. Rc8 Rb2+ 36. Kd1 Kf6 37. f4 Nxc4 38. Rxc5 Ne3+ 39. Kc1 Re2 40. Nf3 d3 41. g3 Rf2 42. Nd2 Rxh2 43. Re5 Nd5 44. Nf1 Re2 45. Kd1 Nc3+ 46. Kc1 Rc2# 0-1

[Event "*** Titled Tuesday Blitz"]
[Site "Chess.com"]
[Date "2019.11.05"]
[Round "1"]
[White "PlotnikovPavel"]
[Black "JSPrepz"]
[Result "0-1"]
[WhiteElo "2439"]
[BlackElo "2824"]
[TimeControl "180+2"]
[EndTime "13:08:51 PST"]
[Termination "JSPrepz won by resignation"]

1. d4 f5 2. Nf3 Nf6 3. g3 d6 4.
Bg2 g6 5. O-O Bg7 6. c4 O-O 7.
Nc3 Qe8 8. Qc2 e5 9. dxe5 dxe5 10. e4 Nc6 11. Bg5 Qf7 12. Bxf6 Bxf6 13. Nd5 Bd8 14. Rae1 f4 15. gxf4 exf4 16. e5 Bg4 17. Qe4 Bf5 18.
Qxf4 Bd3 19. Qxf7+ Rxf7 20. e6 Rg7 21. Ne5 Bxf1 22. Kxf1 Nxe5 23. Rxe5 Be7 24. h3 c6 25. Nc3 Rd8 26. Ke2 Bf6 27. Re3 Re7 28. Na4 b5 29. cxb5 cxb5 30. Nc5 Bxb2 31. Nd7 a5 32. Bd5 b4 33.
Kd3 Kg7 34. Kc4 Bf6 35. Kb5 Bd4 36. Rf3 Bc3 37. Kc6 Rc8+ 38. Kd6 Ree8 39. Rf7+ Kh6 40. e7 Bd4 41. Rf8 Bc5+ 42. Nxc5 Rxf8 43. exf8=Q+ Rxf8 44. f3 Rf5 45. Be4 Rh5 46. Kc6 Rxh3 47. Kb5 Rh2 48. Bd5 Rg2 49. Kc4 Rc2+ 50. Kb5 Kg7 51. Nb7 h5 52.
Nxa5 h4 53. Kxb4 h3 54. f4 h2 55. a4 Rf2 56. Nc4 Rxf4 57. a5 Rf6 58. Kb5 Rf5 0-1

[Event "*** Titled Tuesday Blitz"]
[Site "Chess.com"]
[Date "2019.11.05"]
[Round "1"]
[White "Alexander_Donchenko"]
[Black "Galileo22"]
[Result "1-0"]
[WhiteElo "2778"]
[BlackElo "2413"]
[TimeControl "180+2"]
[EndTime "13:08:51 PST"]
[Termination "Alexander_Donchenko won by checkmate"]

1. e4 e5 2. Nf3 Nc6 3. Bb5 Nf6 4. O-O Nxe4 5. Re1 Nd6 6. Nxe5 Be7 7. Bf1 Nxe5 8.
Rxe5 O-O 9. d4 Bf6 10. Re2 Nf5 11. c3 d5 12. Nd2 Nd6 13. h3 Bd7 14. Nf3 Bb5 15. Re1 Bxf1 16. Kxf1 Re8 17. Bf4 Ne4 18. Qb3 b6 19. Qb5 Re6 20. Nd2 c6 21. Qa6 Nxd2+ 22.
Bxd2 Qc8 23. Qd3 g6 24. Bh6 a5 25. Rxe6 Qxe6 26. Re1 Qd7 27. Qe3 Rd8 28. g4 b5 29.
Qf4 Bg7 30. Bg5 Re8 31. Rxe8+ Qxe8 32. Qc7 a4 33. Be7 h6 34. Qd6 Kh7 35. Kg2 Qc8 36. Bf6 Kg8 37. Bxg7 Kxg7 38. f4 Kg8 39. Kf3 Qe8 40. Qe5 Qd7 41. f5 gxf5 42. gxf5 Kh7 43. h4 Kg8 44. Kg4 Kh7 45. Kh5 Qd8 46. f6 Qd7 47.
Qf4 Qe6 48. Qxh6+ Kg8 49. Qg7# 1-0

[Event "*** Titled Tuesday Blitz"]
[Site "Chess.com"]
[Date "2019.11.05"]
[Round "1"]
[White "swisspower96"]
[Black "Slovak_fighter2000"]
[Result "1-0"]
[WhiteElo "2718"]
[BlackElo "2385"]
[TimeControl "180+2"]
[EndTime "13:08:52 PST"]
[Termination "swisspower96 won by checkmate"]

1. d4 Nf6 2. c4 e6 3. Nf3 c5 4. d5 exd5 5. cxd5 d6 6. Nc3 g6 7. Bf4 Bg7 8. Qa4+ Bd7 9. Qb3 Bc8 10. e4 O-O 11. Nd2 a6 12. a4 Nh5 13. Be3 Nd7 14. Be2 Ne5 15. h3 Qh4 16. g3 Nxg3 17.
fxg3 Qxg3+ 18. Bf2 Qg2 19. Rg1 Qxh3 20. O-O-O b5 21.
axb5 axb5 22. Nxb5 Qd7 23. Na3 c4 24. Ndxc4 Nxc4 25. Bxc4 Qc7 26. Bb6 Qe7 27. Bd4 Bh6+ 28. Kb1 Qxe4+ 29.
Qd3 Qe7 30. Rh1 Bf5 31. Rxh6 Bxd3+ 32. Bxd3 f6 33. Rdh1 Rxa3 34. bxa3 Qb7+ 35. Bb2 Qxd5 36. R1h3 Rb8 37. Rxh7 Qg2 38. Rh8+ Kf7 39. R3h7+ Ke6 40.
Rxb8 Qg1+ 41. Ka2 Qc5 42. Rb4 f5 43. Bc4+ d5 44. Bb3 f4 45. Rxf4 g5 46. Rf6# 1-0

[Event "*** Titled Tuesday Blitz"]
[Site "Chess.com"]
[Date "2019.11.05"]
[Round "1"]
[White "Perecke"]
[Black "olksuna"]
[Result "0-1"]
[WhiteElo "2135"]
[BlackElo "2560"]
[TimeControl "180+2"]
[EndTime "13:08:53 PST"]
[Termination "olksuna won by resignation"]

1. e4 c5 2. Nf3 Nc6 3. d4 cxd4 4. Nxd4 g6 5. c4 Bg7 6. Be3 Nf6 7. Nc3 Ng4 8. Qxg4 Nxd4 9. Qd1 e5 10. Bxd4 exd4 11.
Nd5 O-O 12. Be2 Re8 13. f3 Qh4+ 14. g3 Qd8 15. O-O d6 16. Qd2 Bh3 17. Rfd1 h5 18.
Bf1 Be6 19. Bg2 Rc8 20. Rac1 Kh7 21. f4 Qd7 22. b3 Bxd5 23. cxd5 Rc3 24. Rc2 Rec8 25.
Rdc1 Qb5 26. Bf1 Qc5 27. Bd3 Qa3 28. Kf2 a5 29. Ke2 a4 30. Rxc3 dxc3 31. Qc2 axb3 32. axb3 Ra8 33. h3 Qb4 34. Bc4 b5 35. Bd3 Ra3 36.
Rb1 Qa5 37. b4 Qa7 38. Qd1 Ra2+ 39. Bc2 Qa4 40. Kd3 Qa7 41. Ke2 Kg8 42. Qd3 Bf6 43.
e5 dxe5 44. d6 Qd7 45. Qxc3 exf4 46. Qxf6 Rxc2+ 47. Kd3 Rc6 48. gxf4 Rxd6+ 0-1

[Event "*** Titled Tuesday Blitz"]
[Site "Chess.com"]
[Date "2019.11.05"]
[Round "1"]
[White "Msb2"]
[Black "victormago"]
[Result "1-0"]
[WhiteElo "2851"]
[BlackElo "2461"]
[TimeControl "180+2"]
[EndTime "13:08:58 PST"]
[Termination "Msb2 won by resignation"]

1. d4 Nf6 2. c4 c5 3. d5 e6 4. Nc3 exd5 5. cxd5 d6 6. Nf3 g6 7.
Bg5 h6 8. Bh4 Be7 9. Bg3 a6 10. a4 O-O 11. e4 Re8 12. Be2 Bf8 13. Nd2 Nbd7 14. O-O Ne5 15. h3 g5 16. f4 gxf4 17.
Rxf4 Bg7 18. Kh1 Nfd7 19. Nf1 Ng6 20. Rf2 Nde5 21. Ne3 Nh4 22. Qf1 Rf8 23. a5 Bd7 24. Nc4 Nxc4 25. Bxc4 Qe7 26. e5 Bxe5 27. Re1 Ng6 28.
Ne4 f5 29. Nxc5 Rac8 30. Nd3 Kh7 31. Nf4 Nxf4 32. Bxf4 Qf6 33. b3 Rce8 34. Rfe2 Rf7 35. Qf3 Rfe7 36. Bd3 Bxf4 37. Qxf4 Rxe2 38. Rxe2 Rxe2 39.
Bxe2 Qa1+ 40. Kh2 Qe5 41. Qxe5 dxe5 42. d6 Kg7 43. Bc4 Bc6 44. Be6 Kf6 45. d7 Ke7 46. Bxf5 Bxd7 47. Bxd7 Kxd7 48. g4 Kd6 49. Kg3 Kd5 50.
h4 Ke4 51. h5 Kd5 52. g5 hxg5 53.
h6 1-0

[Event "*** Titled Tuesday Blitz"]
[Site "Chess.com"]
[Date "2019.11.05"]
[Round "1"]
[White "Korchmar_Vasiliy"]
[Black "Saitama_Hero"]
[Result "1-0"]
[WhiteElo "2702"]
[BlackElo "2354"]
[TimeControl "180+2"]
[EndTime "13:09:00 PST"]
[Termination "Korchmar_Vasiliy won by resignation"]

1. d4 Nf6 2. c4 g6 3. Nc3 d5 4. Nf3 Bg7 5. Bf4 O-O 6. e3 c5 7. dxc5 Qa5 8. Rc1 dxc4 9. Bxc4 Qxc5 10. Bb3 Nc6 11. O-O Bf5 12. Nd5 Qa5 13. Bc7 Qa6 14. Rxc6 bxc6 15. Nxe7+ Kh8 16. Nxf5 gxf5 17. Nd4 Qc8 18.
Be5 Re8 19. Bg3 Ne4 20. Bxf7 Rd8 21. Qh5 Nxg3 22. hxg3 Bxd4 23. exd4 Qd7 24. Re1 Rf8 25.
Be6 Qxd4 26. Bxf5 Qg7 27. Re6 Rad8 28. g4 Rd1+ 29. Kh2 Rd2 30. Rh6 Rf7 31. Qh4 Qe5+ 32. Kh3 Qg7 33. b4 Rd5 34. a3 Rd4 35. Kh2 Qe5+ 36.
Kh3 Qg7 37. f4 Rd5 38. Kh2 Rfxf5 39. gxf5 Rd2 40. Qg5 Qf7 41. Qf6+ Qxf6 42. Rxf6 Kg7 43. Rxc6 Ra2 44. Rc7+ 1-0

[Event "*** Titled Tuesday Blitz"]
[Site "Chess.com"]
[Date "2019.11.05"]
[Round "1"]
[White "vlad10898"]
[Black "aa175"]
[Result "1/2-1/2"]
[WhiteElo "2627"]
[BlackElo "2285"]
[TimeControl "180+2"]
[EndTime "13:09:02 PST"]
[Termination "Game drawn - insufficient material"]

1. e4 c5 2. Nf3 d6 3. d4 cxd4 4. Nxd4 Nf6 5. Nc3 a6 6. Bg5 Nbd7 7. Qe2 e6 8. f4 h6 9. Bh4 g5 10. fxg5 hxg5 11. Bxg5 b5 12. O-O-O Bb7 13. Nd5 exd5 14. exd5+ Be7 15. Nf5 Ne5 16. Nxe7 Qxe7 17. g3 O-O-O 18. Bg2 Rdg8 19. h4 Rg6 20. Be4 Rxg5 21. hxg5 Rxh1 22.
Bxh1 Nfg4 23. Qd2 Nc4 24. Qf4 Qe3+ 25. Qxe3 Ngxe3 26. Rd3 Ng4 27. Be4 Kd8 28. b3 Nce5 29. Rd4 Ne3 30. a4 bxa4 31. Rxa4 Nd7 32. Rb4 Bxd5 33. Bxd5 Nxd5 34. Rd4 N7b6 35. c4 Nc3 36. Rxd6+ Nd7 37. Rxa6 Ne2+ 38. Kd2 Nxg3 39. Ke3 Nf5+ 40. Ke4 Nc5+ 41. Kxf5 Nxa6 42. g6 fxg6+ 43. Kxg6 Kd7 44. Kf5 Kc6 45. Ke4 Kc5 46. Kd3 Nb4+ 47. Kc3 Nc6 48. Kd3 Ne5+ 49. Kc3 Nc6 50. Kd3 Kb4 51. c5 Kxb3 52.
Ke4 Kc4 53. Kf5 Kd5 54. Kf6 Kxc5 1/2-1/2

[Event "*** Titled Tuesday Blitz"]
[Site "Chess.com"]
[Date "2019.11.05"]
[Round "1"]
[White "bilelou"]
[Black "Sjakkerntobi"]
[Result "1-0"]
[WhiteElo "2555"]
[BlackElo "2104"]
[TimeControl "180+2"]
[EndTime "13:09:03 PST"]
[Termination "bilelou won by resignation"]

1. e4 c5 2. Nf3 e6 3. d4 cxd4 4. Nxd4 Nc6 5. Nc3 Qc7 6. Be3 a6 7. a3 b5 8. Nxc6 Qxc6 9. Be2 Bb7 10. O-O Nf6 11. Bf3 e5 12. Nd5 Nxd5 13. exd5 Qg6 14. Re1 d6 15. c4 Be7 16. c5 dxc5 17. d6 Bxf3 18. Qxf3 e4 19. d7+ Kf8 20. Qd1 Rd8 21. Qc2 Qc6 22. a4 Rxd7 23. axb5 Qxb5 24. Qxe4 f6 25.
Qe6 Rd6 26. Qc8+ Rd8 27. Qc7 Qd7 28. Qa5 Qb5 29. Qxa6 Qxa6 30. Rxa6 Kf7 31. Ra7 Rc8 32. Bxc5 Rxc5 33. Rexe7+ Kg6 34. Rxg7+ Kf5 35. g4+ Kf4 36. Kg2 Rc2 37. Ra4+ Ke5 38. Re7+ Kd6 39. Rae4 Rxb2 40. R4e6+ Kd5 41. Rxf6 Rb4 42. Rg7 Ke5 43. Rf5+ Ke6 44.
h3 Rc4 45. Rh5 h6 46. Rg6+ Kf7 47. Rhxh6 Rxh6 48. Rxh6 Kg7 49. Rh5 Kg6 50. Rf5 Rd4 51. Kg3 Rd3+ 52. f3 Rd1 53. h4 Rg1+ 54. Kf4 Ra1 55. h5+ Kg7 56. Kg5 Ra7 57. f4 1-0

[Event "*** Titled Tuesday Blitz"]
[Site "Chess.com"]
[Date "2019.11.05"]
[Round "1"]
[White "RainForestt"]
[Black "nihalsarin"]
[Result "0-1"]
[WhiteElo "2519"]
[BlackElo "3003"]
[TimeControl "180+2"]
[EndTime "13:09:04 PST"]
[Termination "nihalsarin won by resignation"]

1. d4 Nf6 2. Nf3 d5 3. e3 Bf5 4.
Be2 e6 5. O-O Nbd7 6. b3 Bd6 7.
Bb2 O-O 8. Nbd2 c6 9. Ne5 Qc7 10.
f4 Ne4 11. Nxe4 Bxe4 12. Bd3 Bxd3 13. cxd3 a5 14. Nxd7 Qxd7 15. a3 Qe7 16. e4 Bc7 17. Qc2 Bb6 18. Kh1 Rad8 19. e5 f5 20. Rfc1 g5 21. Rf1 Kh8 22. Qd2 Rg8 23. Bc3 Ra8 24. Rf3 Rg6 25. g3 Rag8 26. b4 a4 27. Raf1 Rh6 28.
Rg1 g4 29. Rf2 Rh3 30. Rgg2 h5 31. Kg1 Kg7 32. Kf1 h4 33. Ke2 Rh8 34. Qd1 Ra8 35.
Qf1 Kf7 36. gxh4 Qxh4 37. Qd1 Ke8 38. Qa1 Kd7 39. Be1 Qh5 40. Kd2 Rh8 41. Kc3 Qe8 42. Qb2 Qa8 43. Bd2 Qa7 44. Kc2 Bxd4 0-1

[Event "*** Titled Tuesday Blitz"]
[Site "Chess.com"]
[Date "2019.11.05"]
[Round "1"]
[White "ValeriyGrinev"]
[Black "SidArun"]
[Result "1/2-1/2"]
[WhiteElo "2550"]
[BlackElo "2157"]
[TimeControl "180+2"]
[EndTime "13:09:04 PST"]
[Termination "Game drawn - insufficient material"]

1. d4 Nf6 2. c4 e5 3. dxe5 Ng4 4. Nh3 Nc6 5. e3 Bb4+ 6. Bd2 Qe7 7. Nc3 Ngxe5 8. Nd5 Bxd2+ 9. Qxd2 Qd8 10. Nhf4 d6 11. Be2 Be6 12. O-O O-O 13. Rfd1 Bxd5 14. Nxd5 Ne7 15. f4 N5g6 16. Nc3 Re8 17. Bf3 Nf5 18.
Re1 c6 19. Rad1 Qb6 20. Be4 Nxe3 21. Qxe3 Qxe3+ 22. Rxe3 f5 23. g3 Rad8 24. Bd5+ cxd5 25. Rxe8+ Rxe8 26. Nxd5 Re2 27. Nc3 Rxb2 28. Rxd6 Rc2 29. Nd5 Rxc4 30. Rd8+ Kf7 31. Ne3 Rc5 32. Rd7+ Kf6 33.
Rxb7 a5 34. a4 Ne7 35. Rb6+ Kf7 36. Ra6 g6 37. Kf2 Nd5 38. Ra7+ Ke6 39. Rxh7 Nxe3 40. Kxe3 Rc4 41. h4 Rxa4 42. Rh6 Ra3+ 43. Kf2 Kf7 44.
Rh7+ Kf6 45. Ra7 Ra2+ 46. Ke3 Ra3+ 47. Kd4 Rxg3 48. Ra6+ Kf7 49. Rxa5 Rg4 50. Ke5 Rxh4 51.
Ra7+ Kg8 52. Rb7 Rg4 53. Rc7 g5 54. Kxf5 Rxf4+ 55. Kg6 Kf8 56. Kxg5 Rf7 57. Rxf7+ Kxf7 1/2-1/2

[Event "*** Titled Tuesday Blitz"]
[Site "Chess.com"]
[Date "2019.11.05"]
[Round "1"]
[White "Firouzja2003"]
[Black "ShahMatKanal"]
[Result "1-0"]
[WhiteElo "3070"]
[BlackElo "2527"]
[TimeControl "180+2"]
[EndTime "13:09:11 PST"]
[Termination "Firouzja2003 won by resignation"]

1. e4 c5 2. Nf3 Nc6 3. Bb5 g6 4. O-O Bg7 5. c3 d6 6. d4 cxd4 7. cxd4 Bd7 8. Nc3 a6 9. Bc4 b5 10. Bb3 Nh6 11. h3 O-O 12. Be3 Kh8 13.
Qd2 Ng8 14. Rfe1 Na5 15. Bd5 Rc8 16. a3 e6 17. Ba2 Nc4 18. Bxc4 bxc4 19. Bf4 Be8 20.
Rad1 Qb6 21. h4 h5 22. Bg5 Kh7 23. Re2 Rb8 24. Be3 Qc7 25. Ng5+ Kh8 26. Bf4 Rb6 27. Qe3 Bd7 28. Qg3 f6 29. Nf3 Be8 30. e5 dxe5 31.
dxe5 f5 32. Red2 Nh6 33. Ng5 Ng4 34. Rd6 Rxd6 35. Rxd6 Bf7 36. f3 Qc5+ 37. Kh1 Bxe5 38. Bxe5+ Qxe5 39. Qxe5+ Nxe5 40. Rxa6 Nd3 41. Ra7 Kg8 42. Rb7 e5 43. a4 e4 44. fxe4 Nf2+ 45. Kg1 Nxe4 46. Ncxe4 fxe4 47. Rxf7 Ra8 48. Rc7 Rxa4 49.
Nxe4 Rb4 50. Rc8+ Kg7 51. Rc7+ Kf8 52. Nd6 Rxb2 53. Nxc4 Rb4 54. Kf2 1-0

[Event "*** Titled Tuesday Blitz"]
[Site "Chess.com"]
[Date "2019.11.05"]
[Round "1"]
[White "nocnypako"]
[Black "Rhinos1"]
[Result "1-0"]
[WhiteElo "2548"]
[BlackElo "2049"]
[TimeControl "180+2"]
[EndTime "13:09:16 PST"]
[Termination "nocnypako won by resignation"]

1. d4 Nf6 2. c4 g6 3. Nc3 Bg7 4. e4 d6 5. Nf3 O-O 6. Be2 e5 7. O-O Nc6 8. d5 Ne7 9. b4 a5 10. Ba3 Nd7 11. bxa5 Rxa5 12. Bb4 Ra8 13. a4 Bh6 14.
Nd2 f5 15. Nb3 Rf7 16. c5 Nf6 17. f3 Be3+ 18. Kh1 f4 19. Qe1 g5 20. Nd1 Ng6 21.
Nxe3 fxe3 22. Qc3 Nf4 23. Qxe3 Rg7 24. g3 Nh3 25. a5 g4 26. fxg4 Bxg4 27. Nd2 Bxe2 28.
Qxe2 Ng4 29. Rf5 dxc5 30. Bxc5 b6 31. Bb4 bxa5 32. Bc5 Qe8 33. Raf1 h5 34. Rf8+ Qxf8 35. Rxf8+ Rxf8 36. Bxf8 Kxf8 37. Kg2 Ng5 38. Nf3 Nxf3 39. Qxf3+ Rf7 40. Qa3+ Ke8 41. Qxa5 Rf2+ 42. Kg1 Rxh2 43. Qxc7 Re2 44. Qb8+ Kd7 45. Qb5+ Kd8 46. Qxe2 Kd7 47. Qf3 1-0

[Event "*** Titled Tuesday Blitz"]
[Site "Chess.com"]
[Date "2019.11.05"]
[Round "1"]
[White "NoGalloNoParty"]
[Black "babadroga92"]
[Result "0-1"]
[WhiteElo "2309"]
[BlackElo "2670"]
[TimeControl "180+2"]
[EndTime "13:09:17 PST"]
[Termination "babadroga92 won on time"]

1. d4 Nf6 2. Nf3 e6 3. c4 Bb4+ 4. Nc3 O-O 5. Bg5 c5 6. Rc1 h6 7.
Bh4 g5 8. Bg3 Ne4 9. e3 f5 10. Bd3 cxd4 11. Nxd4 Nc6 12. O-O Nxg3 13. hxg3 Qf6 14. Ndb5 a6 15. a3 Be7 16. Nd4 Nxd4 17.
exd4 Qxd4 18. Qh5 Qf6 19. g4 fxg4 20. Ne4 Qg7 21. Qxg4 d5 22. Ng3 e5 23. Bf5 Qf6 24. Bxc8 Raxc8 25. Nh5 Qf5 26. Qd1 d4 27. Ng3 Qe6 28. Qh5 Kg7 29. Ne4 Qg6 30. Qe2 Rf4 31.
Rfe1 Rcf8 32. f3 Bd8 33. Ng3 Bc7 34. c5 h5 35. c6 bxc6 36. Qxa6 h4 37. Rxc6 R4f6 38.
Rxc7+ Kh6 39. Qa7 hxg3 40. Re4 d3 41. Rd7 R8f7 42. Rxf7 Rxf7 43. Qe3 Rd7 44. Rxe5 d2 45. Rxg5 d1=Q+ 0-1

[Event "*** Titled Tuesday Blitz"]
[Site "Chess.com"]
[Date "2019.11.05"]
[Round "1"]
[White "FelixJoseYnojosa"]
[Black "oogee"]
[Result "1-0"]
[WhiteElo "2624"]
[BlackElo "2264"]
[TimeControl "180+2"]
[EndTime "13:09:19 PST"]
[Termination "FelixJoseYnojosa won by resignation"]

1. c4 e5 2. Nc3 Nc6 3. e3 g6 4. d4 exd4 5. exd4 Bg7 6. d5 Nd4 7. Be3 Nf5 8. Bf4 Qe7+ 9. Be2 Nh4 10. Kf1 d6 11. Qa4+ Bd7 12. Nb5 Qd8 13. Re1 a6 14. Bxd6 cxd6 15. Nxd6+ Kf8 16. Qb4 Ne7 17. Nxb7 a5 18. Qa3 Qc7 19. Nc5 Bf5 20. g4 Bd4 21. Ne6+ fxe6 22. d6 Qc5 23. dxe7+ Qxe7 24. gxf5 Qxa3 25.
bxa3 Nxf5 26. Nf3 Bc5 27. Bd3 Rb8 28. Rxe6 Kf7 29. Ng5+ Kg7 30. Bxf5 gxf5 31. Rc6 Rb1+ 32. Kg2 Rxh1 33. Kxh1 Bxf2 34. Kg2 Be3 35. Ne6+ Kf6 36. Kf3 Bd2 37. Nd4+ Ke5 38. Nb3 Bc3 39. Rc5+ Kf6 40. Kf4 Re8 41. Rxf5+ Kg6 42. Rg5+ Kh6 43. Rd5 Rf8+ 44.
Kg4 Rc8 45. c5 Re8 46. c6 Rc8 47. Rd6+ Kg7 48. Nc5 Be5 49. Re6 Bd4 50. Ne4 Kf7 51. Rh6 Bg7 52. Nd6+ Kf8 53. Nxc8 Bxh6 54. Nb6 1-0

[Event "*** Titled Tuesday Blitz"]
[Site "Chess.com"]
[Date "2019.11.05"]
[Round "1"]
[White "Zavgorodniy_Serg"]
[Black "Irishchessman16"]
[Result "1-0"]
[WhiteElo "2585"]
[BlackElo "2183"]
[TimeControl "180+2"]
[EndTime "13:09:20 PST"]
[Termination "Zavgorodniy_Serg won by resignation"]

1. e4 c6 2. d4 d5 3. exd5 cxd5 4. c4 Nf6 5. Nc3 Nc6 6. Nf3 g6 7. cxd5 Nxd5 8. Bc4 Nb6 9. Bb3 Bg7 10. d5 Na5 11.
O-O O-O 12. Be3 Nac4 13. Bd4 e5 14. dxe6 Bxe6 15. Bxg7 Kxg7 16. Bxc4 Bxc4 17. Re1 Qxd1 18.
Raxd1 Rad8 19. b3 Bd5 20. Nd4 a6 21. f3 Kf6 22. Kf2 h5 23. Rd2 Be6 24. Red1 Bf5 25. Nxf5 Rxd2+ 26. Rxd2 Kxf5 27. Rd6 Rc8 28. Rxb6 Rxc3 29.
Rxb7 Rc2+ 30. Kg3 f6 31. a4 h4+ 32. Kh3 g5 33. b4 Ra2 34. a5 Rb2 35. Rb6 Rb3 36. Rxa6 Rxb4 37. Rb6 Ra4 38. Rb5+ Kg6 39. g3 hxg3 40. hxg3 Ra1 41. f4 gxf4 42. gxf4 f5 43.
Kg3 Ra3+ 44. Kh4 Ra4 45. Kg3 Kf6 46. Rb6+ Kf7 47. a6 Ke7 48. Rb7+ Ke6 49. a7 Kd5 50. Re7 Ra2 51. Kh4 Kd6 52. Rg7 Kd5 53. Kg5 Ke4 54. Re7+ Kf3 55. Kxf5 Ra5+ 56. Ke6 Kxf4 57. Kd6 Kf5 58.
Kc6 Kf6 59. Kb6 Ra1 60. Re4 Rb1+ 61. Ka5 1-0

[Event "*** Titled Tuesday Blitz"]
[Site "Chess.com"]
[Date "2019.11.05"]
[Round "1"]
[White "JustKid"]
[Black "JonahWillow"]
[Result "1/2-1/2"]
[WhiteElo "2438"]
[BlackElo "2794"]
[TimeControl "180+2"]
[EndTime "13:09:21 PST"]
[Termination "Game drawn by repetition"]

1. d4 Nf6 2. Bf4 e6 3. e3 c5 4.
Nf3 cxd4 5. exd4 b6 6. Nbd2 Be7 7. h3 Bb7 8. Bd3 O-O 9. O-O d6 10. Bh2 Re8 11. Re1 Nbd7 12. a4 a6 13. a5 b5 14.
c4 bxc4 15. Nxc4 d5 16. Nd6 Bxd6 17. Bxd6 Ne4 18. Bh2 Ndf6 19. Qa4 Rc8 20. Rec1 Nd6 21. Rxc8 Bxc8 22. Qc6 Nfe4 23. Bxa6 Bd7 24. Qc2 Qa8 25. Bd3 Bb5 26. Bxb5 Nxb5 27. Qa4 Qa6 28. Rc1 Ra8 29. b4 Nbc3 30. Rxc3 Nxc3 31. Qd7 Qc8 32. Qc7 Nb5 33. Qc5 Nc3 34. Ne5 Ne4 35. Qc6 f6 36. Qxc8+ Rxc8 37. Nd3 Rc3 38. f3 Nd2 39. Nc5 Nc4 40. a6 Ra3 41. b5 Ra2 42. Bc7 e5 43. dxe5 fxe5 44. b6 Ra1+ 45. Kh2 Nxb6 46. Bxb6 d4 47. a7 Kf7 48. Kg3 Ke7 49. Nb3 Ra6 50. Nc5 Ra1 51.
Nb3 Ra6 52. Nc5 Ra1 1/2-1/2

[Event "*** Titled Tuesday Blitz"]
[Site "Chess.com"]
[Date "2019.11.05"]
[Round "1"]
[White "DanielNaroditsky"]
[Black "SharkAnto55"]
[Result "1-0"]
[WhiteElo "2969"]
[BlackElo "2500"]
[TimeControl "180+2"]
[EndTime "13:09:23 PST"]
[Termination "DanielNaroditsky won by checkmate"]

1. e4 c5 2. Nf3 d6 3. Bb5+ Bd7 4. Bxd7+ Nxd7 5. O-O Ngf6 6. d3 e6 7. Nc3 Be7 8. Ng5 h6 9. Nh3 O-O 10. f4 Rb8 11. f5 Ne5 12. Nf4 exf5 13. exf5 d5 14. Re1 Nc6 15. Nh5 Qd7 16. Nxf6+ Bxf6 17. Qg4 Kh7 18. Rf1 Rbe8 19. Ne2 Nd4 20. Nxd4 cxd4 21. Bd2 Rc8 22. Rac1 Rc6 23. Rf2 Rfc8 24. Bf4 Qe7 25.
Qd1 Qb4 26. Rb1 Qa4 27. b3 Qb4 28. Re2 a5 29. a4 Qc5 30. g4 Qf8 31. Rc1 Qd8 32.
Qe1 b6 33. Qf2 Rc3 34. Rce1 Qd7 35. h4 Qd8 36. g5 hxg5 37. hxg5 Bxg5 38. Qh2+ Bh6 39.
Bxh6 gxh6 40. Kh1 Qf6 41. Rg2 Qxf5 42. Reg1 Qf6 43. Qg3 Rxc2 44. Rxc2 Rxc2 45. Qg8# 1-0

[Event "*** Titled Tuesday Blitz"]
[Site "Chess.com"]
[Date "2019.11.05"]
[Round "1"]
[White "Mikhail_Golubev"]
[Black "Siemba"]
[Result "1-0"]
[WhiteElo "2606"]
[BlackElo "2229"]
[TimeControl "180+2"]
[EndTime "13:09:23 PST"]
[Termination "Mikhail_Golubev won by resignation"]

1. e4 c5 2. Nf3 Nc6 3. Nc3 g6 4. d4 cxd4 5. Nxd4 d6 6. Be3 Bg7 7. Qd2 Nf6 8. f3 O-O 9. O-O-O d5 10. Nxc6 bxc6 11. Bh6 Qd6 12. Bxg7 Kxg7 13. exd5 cxd5 14.
Nxd5 Bf5 15. Nxf6 Qxf6 16. g4 Be6 17. Qd4 Rfd8 18. Qxf6+ Kxf6 19. Bg2 Rac8 20. h4 Rxd1+ 21. Rxd1 Ke5 22. h5 Kf4 23. hxg6 hxg6 24. Rd2 Rh8 25. b3 Kg3 26. c4 Rh2 27. Bf1 Rxd2 28. Kxd2 Kxf3 29. Be2+ Ke4 30. b4 Kd4 31. c5 Bd7 32. Ba6 Kd5 33. Kd3 Kc6 34. Bc4 Bxg4 35. Bxf7 Bf5+ 36.
Kc4 e6 37. a4 Kc7 38. b5 Bc2 39. a5 Bb1 40. b6+ axb6 41. axb6+ Kb7 42. Be8 Ba2+ 43. Kb5 Bd5 44. c6+ Kb8 45. c7+ Kc8 46. Bc6 Bb3 47.
Ka6 Bc4+ 48. Ka7 Ba6 1-0

[Event "*** Titled Tuesday Blitz"]
[Site "Chess.com"]
[Date "2019.11.05"]
[Round "1"]
[White "IMAghasiyevKamal"]
[Black "AndrBaryshpolets"]
[Result "1/2-1/2"]
[WhiteElo "2417"]
[BlackElo "2755"]
[TimeControl "180+2"]
[EndTime "13:09:25 PST"]
[Termination "Game drawn by agreement"]

1. d4 Nf6 2. c4 e6 3. Nf3 d5 4.
Nc3 Nbd7 5. Bg5 c6 6. cxd5 exd5 7.
e3 Be7 8. Qc2 Nh5 9. Bxe7 Qxe7 10.
Bd3 Nf4 11. O-O Nxd3 12. Qxd3 O-O 13. Rab1 Nb6 14. Rfe1 g6 15. Rbc1 Bf5 16. Qd1 Rfe8 17. Ne5 f6 18. Nd3 Qd6 19. Nc5 Re7 20. Qb3 Kg7 21.
a4 Qc7 22. a5 Nc4 23. e4 Nd2 24. Qb4 Nxe4 25. N3xe4 dxe4 26. d5 Rd8 27. dxc6 bxc6 28. Na6 Qd6 29. Qxd6 Rxd6 30. Nb4 Rc7 31. Rc5 Rd2 32. h3 Rxb2 33. Nxc6 Bd7 34. Rec1 Bxc6 35. Rxc6 Rxc6 36. Rxc6 Rb7 37. Re6 f5 38. g4 Kf7 39.
gxf5 gxf5 40. Rh6 Kg7 41. Re6 Kf7 42. Rh6 Kg7 43. Re6 Rd7 44. Kg2 Rd3 45. Ra6 Ra3 46. Rxa7+ Kg6 47. a6 f4 48. Ra8 Ra2 49. a7 Kh6 50.
Re8 Rxa7 1/2-1/2

[Event "*** Titled Tuesday Blitz"]
[Site "Chess.com"]
[Date "2019.11.05"]
[Round "1"]
[White "davigator"]
[Black "Azatic"]
[Result "1/2-1/2"]
[WhiteElo "2300"]
[BlackElo "2635"]
[TimeControl "180+2"]
[EndTime "13:09:27 PST"]
[Termination "Game drawn by repetition"]

1. e4 c5 2. Nf3 e6 3. d4 cxd4 4. Nxd4 a6 5. Nc3 Qc7 6. a3 Nf6 7. f4 d6 8. Be3 Nc6 9. Qd2 e5 10. Nf5 Bxf5 11. exf5 Be7 12. O-O-O O-O 13. Be2 Rac8 14.
g4 exf4 15. Bxf4 Ne5 16. g5 Nfd7 17. Nd5 Qd8 18. Bxe5 Nxe5 19. f6 gxf6 20. gxf6 Bxf6 21. Nxf6+ Qxf6 22. Qxd6 Qxd6 23. Rxd6 Rfd8 24. Rg1+ Kf8 25. Rh6 Ke7 26. Rxh7 Rg8 27. Re1 Rh8 28. Rxh8 Rxh8 29. Bf3 f6 30. Bxb7 a5 31. Re2 Kd6 32. b3 Kc5 33. Kb2 Rh7 34. Be4 Rh4 35. Ba8 Rh3 36.
Rd2 a4 37. Rd5+ Kb6 38. Rd6+ Ka7 39. Be4 axb3 40. cxb3 Rxh2+ 41. Kc3 Rh4 42. Bd5 Rf4 43. a4 Kb8 44. a5 Kc7 45. Rb6 Rf1 46. b4 Rd1 47.
Be4 Rc1+ 48. Kd4 Rd1+ 49. Kc5 Nd7+ 50. Kb5 Nxb6 51. axb6+ Kb8 52. b7 Rd4 53. Bc6 f5 54. Kc5 Rd2 55. b5 f4 56. Kc4 Kc7 57. Kc3 Rd6 58. Bf3 Rd8 59. Kc4 Kb6 60. Bc6 Kc7 61. Bf3 Rd2 62. Kc3 Rd6 63. Kc4 Kb8 64. Kc3 Rd8 65.
Kc4 Kc7 66. Bc6 Kb6 67. Bf3 Kc7 68. Bc6 Rd6 69. Bf3 Rd2 70. Kc3 Rd8 71. Kc4 1/2-1/2

[Event "*** Titled Tuesday Blitz"]
[Site "Chess.com"]
[Date "2019.11.05"]
[Round "1"]
[White "novocane"]
[Black "misha_chessone"]
[Result "0-1"]
[WhiteElo "2180"]
[BlackElo "2585"]
[TimeControl "180+2"]
[EndTime "13:09:27 PST"]
[Termination "misha_chessone won on time"]

1. d4 d5 2. c4 c6 3. cxd5 cxd5 4. Bf4 Nc6 5. e3 Nf6 6. Nc3 Bf5 7. Qb3 Qb6 8. Qxb6 axb6 9. Nf3 e6 10. Be2 Be7 11.
O-O O-O 12. Ne5 Rfc8 13. f3 h6 14. g4 Bh7 15. Rfc1 Nb4 16. a3 Nc2 17. Ra2 g5 18. Bg3 Nxe3 19. Bf2 Nc4 20. Nb5 h5 21. Nxc4 dxc4 22. Rxc4 Rxc4 23. Bxc4 hxg4 24. fxg4 Nxg4 25.
d5 Nxf2 26. Kxf2 Bc5+ 27. Kf3 exd5 28. Bxd5 Rd8 29. Be4 g4+ 30. Kf4 Bxe4 31. Kxe4 Rd2 32. Nc3 Rxh2 33. Kf4 Bd4 34. Ne4 Rxb2 35. Rxb2 Bxb2 36.
a4 Kf8 37. Kxg4 Ke7 38. Kf5 Kd7 39. Ng5 f6 40. Ne4 Kc6 41. Ke6 b5 42. axb5+ Kxb5 43. Nd6+ Kc6 44. Nc4 Bc3 45. Ne3 b5 46. Nd5 Be5 47. Nb4+ Kc5 0-1